 Dungeon Crawl Stone Soup version 0.20.1-1-g8b1a95d (webtiles) character file.

4287 Ijustatesigmund the Cleaver (level 10, -4/136 HPs)
             Began as a Hill Orc Fighter on Sept 20, 2017.
             Was an Initiate of Ashenzari.
             Killed from afar by a starcursed mass (8 damage)
             ... with an accursed screaming
             ... on level 2 of the Abyss.
             The game lasted 00:20:18 (8294 turns).

Ijustatesigmund the Cleaver (Hill Orc Fighter)      Turns: 8294, Time: 00:20:20

Health: -4/136     AC: 20    Str: 25    XL:     10   Next: 32%
Magic:  10/10      EV:  8    Int:  8    God:    Ashenzari [......]
Gold:   524        SH: 11    Dex: 13    Spells: 9/9 levels left

rFire    . . .     SeeInvis .   y - +5 war axe (curse)
rCold    . . .     Gourm    .   c - +0 shield
rNeg     . . .     Faith    .   B - +0 chain mail
rPois    .         Spirit   .   r - +2 helmet (curse)
rElec    .         Reflect  .   p - +2 cloak (curse)
rCorr    .         Harm     .   w - +0 pair of gloves
MR       .....                  m - +1 pair of boots (curse)
Stlth    ..........             (no amulet)
Regen    0.4/turn               (no ring)
MPRegen  0.2/turn               (no ring)

@: berserking, slowed
A: no striking features
a: Curse Item, Renounce Religion


You were on level 2 of the Abyss.
You worshipped Ashenzari.
Ashenzari was noncommittal.
You were hungry.

You visited 2 branches of the dungeon, and saw 9 of its levels.
You visited the Abyss 1 time.
You also visited: Sewer.

You collected 524 gold pieces.

Inventory:

Hand Weapons
 s - a +0 broad axe
 y - a cursed +5 war axe (weapon)
Armour
 c - a +0 shield (worn)
 m - a cursed +1 pair of boots (worn)
 p - a cursed +2 cloak (worn)
 r - a cursed +2 helmet (worn)
 w - a +0 pair of gloves (worn)
 B - a +0 chain mail (worn)
Wands
 b - a wand of lightning (4/15)
 q - a wand of random effects (44/48)
 C - a wand of polymorph (16/24)
Scrolls
 e - a scroll of identify
 i - 2 scrolls of fear
 j - 2 scrolls of fog
 n - 4 scrolls of teleportation
Potions
 a - a potion of agility
 d - a potion of might
 g - 8 potions of curing
 h - 2 potions of flight
 k - a potion of berserk rage
 l - 4 potions of magic
 t - a potion of haste
 x - 3 potions of brilliance
 A - a potion of invisibility
Books
 o - a book of Changes

   Spells                             Type                      Level
   a - Beastly Appendage              Transmutation                1
   b - Sticks to Snakes               Transmutation                2
   c - Spider Form                    Transmutation/Poison         3
   d - Ice Form                       Ice/Transmutation            4
   e - Blade Hands                    Transmutation                5
 v - a book of Callings

   Spells                             Type                      Level
   a - Summon Small Mammal            Summoning                    1
   b - Call Imp                       Summoning                    2
   c - Call Canine Familiar           Summoning                    3
   d - Summon Guardian Golem          Hexes/Summoning              3
   e - Summon Lightning Spire         Summoning/Air                4
   f - Summon Ice Beast               Ice/Summoning                4
Comestibles
 f - 4 bread rations
 u - a meat ration
 z - 5 fruits


   Skills:
 + Level 9.4 Fighting
 + Level 12.3 Axes
 + Level 6.0 Armour
 + Level 4.0 Dodging
 + Level 6.4 Shields


You had 9 spell levels left.
You didn't know any spells.

Dungeon Overview and Level Annotations

Branches:
Dungeon (8/15)             Temple (1/1) D:7
   Lair: D:8-11

Altars:
Ashenzari
Cheibriados
Elyvilon
Fedhas
Gozag
Hepliaklqana
Kikubaaqudgha
Makhleb
Nemelex Xobeh
Okawaru
Qazlal
Ru
Sif Muna
Uskayaw
Vehumet
Yredelemnul
Zin
The Shining One

Shops:
D:8 =

Annotations:
D:8 Grum


Message History

A starcursed mass splits.
You hit the freezing wraith.
The freezing wraith is almost destroyed.
You slash the starcursed mass!
The starcursed mass shudders and is absorbed by its neighbour.
You block the freezing wraith's attack. The freezing wraith hits you!
* * * LOW HITPOINT WARNING * * *
The freezing wraith drains your vigour!
You feel yourself slow down.
You barely miss the freezing wraith.
The freezing wraith is almost destroyed.
A starcursed mass splits.
The freezing wraith hits you but does no damage.
You block the freezing wraith's attack.
You closely miss the freezing wraith.
The freezing wraith is almost destroyed.
You hit the starcursed mass.
The starcursed mass shudders and is absorbed by its neighbour.
A starcursed mass splits.
A chorus of shrieks assaults your mind.
You die...

### # # #. .# #
. #.# . .
#..#.# ..
#.#...# .#. ##
.#.###.#..
#..#.##....#
##...#X..#.#.
#...#.#@WX....#
##.#####..#.#.#
#. #..# # .#..
. ... .# .. # #


You could see 2 starcursed masses and a freezing wraith.

Vanquished Creatures
  A flayed ghost (Abyss:2)
  The ghost of tarantulino the Placeless Naga, a novice NaWr (D:6)
  2 wraiths (D:7)
  The ghost of vatarom the Ruffian, an amateur DrTm (Sewer)
  A hungry ghost (D:8)
  Duvessa (D:5)
  A sky beast (D:5)
  A phantom (D:7)
  2 ogres
  A centaur (D:7)
  3 wolves (D:8)
  The ghost of Terandir the Firebug, an amateur DEFE (D:3)
  4 bullfrogs
  An elf skeleton (D:7)
  Dowan (D:5)
  A scorpion (D:3)
  7 wights
  3 crimson imps
  Crazy Yiuf (D:4)
  3 hounds
  2 jellies
  2 bullfrog skeletons
  7 human zombies (D:7)
  6 orc priests
  2 iguanas
  An orc wizard (D:5)
  6 worker ants
  An ogre skeleton (D:7)
  A hound skeleton (D:7)
  A mummy (D:7)
  Robin (D:4)
  4 gnolls
  A howler monkey zombie (D:3)
  7 adders
  An ooze (D:3)
  An adder skeleton (D:8)
  2 worms (D:2)
  8 leopard geckos
  18 orcs
  5 ball pythons (Sewer)
  8 bats
  9 giant cockroaches
  16 goblins
  9 hobgoblins
  17 jackals
  9 kobolds
  A quokka (D:8)
  5 frilled lizards
  A leopard gecko skeleton (D:6)
  A quokka zombie (D:6)
  6 rats
  3 plants (Sewer)
199 creatures vanquished.

Notes
Turn   | Place    | Note
-------+----------+-------------------------------------------
     0 | D:1      | Ijustatesigmund the Hill Orc Fighter began the quest for the Orb.
     0 | D:1      | Reached XP level 1. HP: 19/19 MP: 1/1
    86 | D:1      | Reached skill level 3 in Axes
   338 | D:1      | Reached XP level 2. HP: 27/27 MP: 2/2
   753 | D:2      | Reached skill level 4 in Axes
   813 | D:2      | Reached XP level 3. HP: 32/33 MP: 3/3
  1426 | D:2      | Reached skill level 5 in Axes
  1426 | D:2      | Reached XP level 4. HP: 24/40 MP: 4/4
  1859 | D:3      | Found a hazy altar of Hepliaklqana.
  1979 | D:3      | Reached XP level 5. HP: 33/47 MP: 5/5
  2128 | D:3      | Reached skill level 6 in Axes
  2581 | D:3      | Noticed Terandir's ghost (amateur DEFE)
  2585 | D:3      | Reached skill level 5 in Fighting
  2591 | D:3      | Killed Terandir's ghost
  2591 | D:3      | Reached skill level 7 in Axes
  2591 | D:3      | Reached XP level 6. HP: 32/56 MP: 6/6
  3129 | D:4      | Noticed Robin
  3144 | D:4      | Killed Robin
  3327 | D:4      | Found a white marble altar of Elyvilon.
  3928 | D:4      | Found a runed door.
  3932 | D:4      | Noticed Crazy Yiuf
  3937 | D:4      | Killed Crazy Yiuf
  3937 | D:4      | Reached skill level 8 in Axes
  4251 | D:5      | Entered Level 5 of the Dungeon
  4336 | D:5      | Found a sparkling altar of Nemelex Xobeh.
  4362 | D:5      | Reached XP level 7. HP: 60/61 MP: 7/7
  4527 | D:5      | Reached skill level 9 in Axes
  4712 | D:5      | Noticed Duvessa
  4713 | D:5      | Noticed Dowan
  4719 | D:5      | Killed Duvessa
  4723 | D:5      | Reached skill level 10 in Axes
  4723 | D:5      | Reached XP level 8. HP: 63/71 MP: 8/8
  4730 | D:5      | Killed Dowan
  4797 | D:5      | Found a glowing drain.
  4805 | Sewer    | Entered a sewer
  4819 | Sewer    | Noticed vatarom's ghost (amateur DrTm)
  4835 | Sewer    | Killed vatarom's ghost
  5960 | D:6      | Noticed tarantulino's ghost (novice NaWr)
  5986 | D:6      | Killed tarantulino's ghost
  5986 | D:6      | Reached skill level 11 in Axes
  5986 | D:6      | Reached skill level 1 in Dodging
  6034 | D:6      | Reached XP level 9. HP: 80/80 MP: 9/9
  6513 | D:6      | Found a glowing golden altar of the Shining One.
  6513 | D:6      | Found a burning altar of Makhleb.
  6865 | D:7      | Reached skill level 5 in Shields
  7092 | D:7      | Found a staircase to the Ecumenical Temple.
  7102 | Temple   | Entered the Ecumenical Temple
  7168 | Temple   | Became a worshipper of Ashenzari the Shackled
  7389 | D:7      | Found a basalt altar of Yredelemnul.
  7430 | D:7      | Reached skill level 5 in Armour
  7670 | D:8      | Found Gutifiny's Jewellery Boutique.
  7738 | D:8      | Reached skill level 12 in Axes
  7738 | D:8      | Reached XP level 10. HP: 91/91 MP: 10/10
  7749 | D:8      | Found an iron altar of Okawaru.
  7805 | D:8      | Noticed Grum
  8172 | D:8      | Cast into level 2 of the Abyss (Grum)
  8225 | Abyss:2  | Noticed a flayed ghost
  8231 | Abyss:2  | Killed a flayed ghost
  8283 | Abyss:2  | Noticed a starcursed mass
  8292 | Abyss:2  | HP: 4/136 [freezing wraith (7)]
  8294 | Abyss:2  | Killed from afar by a starcursed mass

Skill      XL: |  1  2  3  4  5  6  7  8  9 10 |
---------------+-------------------------------+-----
Axes           | 3 4 5 7 8 10 11 12 | 12.3
Fighting       | 4 5 6 7 9 |  9.4
Armour         | 4 5 6 |  6.0
Dodging        | 1 3 4 |  4.0
Shields        | 4 5 6 |  6.4

Action                   |  1- 3 |  4- 6 |  7- 9 | 10-12 || total
-------------------------+-------+-------+-------+-------++-------
Melee: War axe           |    80 |   159 |   446 |    67 ||   752
Invok: Curse Item        |       |       |     4 |       ||     4
  Use: Scroll            |     3 |     5 |     8 |       ||    16
       Potion            |       |       |     2 |     3 ||     5
  Eat: Chunk             |     2 |     6 |     5 |       ||    13
       Bread ration      |       |     1 |       |       ||     1
       Royal jelly       |       |       |     1 |       ||     1
       Fruit             |       |       |     4 |     3 ||     7
Armor: Scale mail        |    48 |    74 |    76 |       ||   198
       Chain mail        |       |       |    89 |    34 ||   123
Dodge: Dodged            |    32 |    38 |    80 |    13 ||   163
Block: Shield            |    39 |    80 |   144 |    42 ||   305
